AoeStats
← Stalin

Nomad

510452213Analyzed
2v2 RM · 2d ago on Oct 1, 2026· 60m 12s· 4 players
Game mode
Random Map
Map size
176×176
Population
200
Speed
Normal
Resources
Standard
Victory
Conquest
Starting age
Dark Age
Ending age
Imperial Age
RankedLock teamsTeams togetherTeam positionsShared explorationLock speedFull tech treeHidden civsTurbo modeCheats
Victory
Defeat
🇺🇸 Georgians · United States
942
+34
🇺🇸 Celts · United States
916
+40
🇺🇸 Vietnamese · United States
966
-17
🇺🇸 Burgundians · United States
966
-18
Stalin
4:10 Loom
14:45 Feudal Age
19:26 Horse Collar
21:44 Wheelbarrow
20:56 Double-Bit Axe
24:27 Castle Age
24:38 Castle Age
24:35 Town Watch
25:25 Wheelbarrow
25:03 Padded Archer Armor
24:53 Fletching
24:41 Elite Skirmisher
27:38 Leather Archer Armor
27:18 Bodkin Arrow
33:02 Pikeman
37:06 Bow Saw
48:10 Fishing Lines
SchlonkFl1pper
4:43 Loom
11:53 Feudal Age
14:02 Double-Bit Axe
22:16 Wheelbarrow
25:29 Castle Age
23:45 Gold Mining
26:04 Bloodlines
29:00 Scale Barding Armor
29:06 Forging
31:05 Horse Collar
36:30 Chain Barding Armor
36:15 Stone Mining
36:36 Bow Saw
37:43 Iron Casting
45:52 Imperial Age
46:13 Husbandry
47:49 Plate Barding Armor
50:49 Blast Furnace
54:42 Elite Monaspa
55:33 Svan Towers
56:31 Masonry
GothicMongoose
10:27 Loom
14:22 Feudal Age
21:32 Castle Age
20:08 Fletching
20:20 Padded Archer Armor
22:33 Thumb Ring
21:49 Crossbowman
23:35 Scale Mail Armor
31:15 Pikeman
34:47 Ballistics
37:30 Bodkin Arrow
37:50 Leather Archer Armor
40:09 Gold Mining
45:35 Imperial Age
46:41 Paper Money
47:33 Arbalester
49:03 Bracer
52:13 Elite Battle Elephant
52:54 Husbandry
59:34 Murder Holes
GothicEagle
13:51 Feudal Age
14:53 Horse Collar
22:25 Castle Age
22:29 Cavalier
23:24 Pikeman
25:53 Scale Barding Armor
30:47 Forging
42:35 Burgundian Vineyards
43:02 Scale Mail Armor
44:54 Chain Barding Armor
51:52 Imperial Age
52:12 Paladin
52:48 Capped Ram
54:29 Halberdier
55:31 Conscription
Connection lost

Rejoining the realm…

Still unreachable

The connection could not be restored.

Session expired

The server has moved on; the page needs a fresh start.